 Dungeon Crawl Stone Soup version 0.30-a0-297-g0ec75d9ef4 (webtiles) character file.

Game seed: 1480822551048147927

34 Lobster4 the Charlatan (level 3, -2/24 HPs)
             Began as a Human Wanderer on Oct 18, 2022.
             Slain by an adder (3 damage)
             ... on level 2 of the Dungeon.
             The game lasted 00:03:47 (1333 turns).

Lobster4 the Charlatan (Human Wanderer)             Turns: 1333, Time: 00:03:47

Health: -2/24      AC:  2    Str: 11    XL:     3   Next: 50%
Magic:  1/5        EV: 11    Int: 16    God:
Gold:   97         SH:  0    Dex: 11    Spells: 4/5 levels left

rFire   . . .      SeeInvis .    a - +0 club
rCold   . . .      Faith    .    (no shield)
rNeg    . . .      Spirit   .    c - +0 robe
rPois   .          Reflect  .    (no helmet)
rElec   .          Harm     .    (no cloak)
rCorr   .          Rampage  .    (no gloves)
Will    .....                    (no boots)
Stlth   +.........               (no amulet)
HPRegen 0.24/turn                (no ring)
MPRegen 0.09/turn                (no ring)

@: lethally poisoned (-2 -> -5)
A: no striking features
a: no special abilities


You were on level 2 of the Dungeon.
You visited 1 branch of the dungeon, and saw 2 of its levels.

You collected 97 gold pieces.

Inventory:

Hand Weapons
 a - a +0 club (weapon)
Missiles
 h - 2 poisoned darts
 m - 21 stones
Armour
 c - a +0 robe (worn)
 g - a +0 ring mail
Wands
 d - a wand of polymorph (5) (quivered)
Scrolls
 b - a scroll of teleportation
 j - a scroll of vulnerability {unknown}
 o - a scroll of fog {unknown}
 p - a scroll of blinking {unknown}
 r - a scroll of identify {unknown}
Potions
 e - a potion of lignification {unknown}
 f - a potion of attraction {unknown}
 i - 3 potions of brilliance {unknown}
 k - 3 potions of curing {unknown}
 l - a potion of resistance {unknown}
 n - a potion of flight {unknown}
 q - a potion of degeneration {unknown}
 s - a potion of berserk rage {unknown}
 t - a potion of invisibility {unknown}


   Skills:
 + Level 1.6 Spellcasting
 + Level 3.3 Conjurations
 - Level 1.0 Hexes
 + Level 1.1 Air Magic
 + Level 5.2 Evocations


You had 4 spell levels left.
You knew the following spells:

 Your Spells              Type           Power      Damage    Failure   Level
a - Shock                 Conj/Air       32%        1d5       9%          1

Your spell library contained the following spells:

 Spells                   Type           Power      Damage    Failure   Level
 Slow                     Hex            16%        N/A       14%         1
 Stone Arrow              Conj/Erth      12%        3d7       32%         3
 Confusing Touch          Hex            4%         N/A       41%         3
 Summon Guardian Golem    Hex/Summ       2%         N/A       47%         3
 Vampiric Draining        Necr           1%         2d6       54%         3
 Iskenderun's Mystic Bla  Conj/Tloc      6%         2d4       71%         4


Dungeon Overview and Level Annotations

Branches:
Dungeon (2/15)

Altars:
Ru


Message History

The adder is severely wounded.
You feel sick. The adder bites you. The adder barely misses you.
You miss the adder.
The adder is severely wounded.
You feel sick. The adder barely misses you. The adder misses you.
You closely miss the adder.
The adder is severely wounded.
You feel sick.
You are no longer poisoned.
The adder bites you.
You are poisoned.
The adder poisons you!
You barely miss the adder.
The adder is severely wounded.
You feel very sick. The adder bites you but does no damage.
The adder barely misses you.
You hit the adder but do no damage.
The adder is severely wounded.
You feel sick. The adder bites you.
You are lethally poisoned!
The adder poisons you! The adder misses you.
You barely miss the adder.
The adder is severely wounded.
* * * LOW HITPOINT WARNING * * *
You feel very sick. The adder misses you.
You closely miss the adder.
The adder is severely wounded.
* * * LOW HITPOINT WARNING * * *
You feel sick. The adder closely misses you.
The adder bites you but does no damage.
You closely miss the adder.
The adder is heavily wounded.
* * * LOW HITPOINT WARNING * * *
You feel sick. The adder barely misses you. The adder closely misses you.
You closely miss the adder.
The adder is heavily wounded.
* * * LOW HITPOINT WARNING * * *
You feel sick. The adder bites you.
You die...

.#####.#####.#.#... #. #.#..# .#
#.........#.. ##.###.#..# .#
#######.###.. # .......... .#
#...#.#.# #.......# .# ###.#.#.#
# #......## .# #.#.#.#.#
#.......# .##
#.......####.......# ..#
#..S...............# ..#
#..@...............# ..#
#.........#<.w.....# ..#
#......$.###.......# ..#
###.#+#............# ..# #.#
#.####......)# ..# #.)
..............
..########################.######
......>..w....w............#
.###########################


You could see an adder.

Vanquished Creatures
  A worm (D:2)
  2 dart slugs (D:1)
  A bat (D:1)
  4 endoplasms (D:1)
  2 giant cockroaches (D:1)
  A goblin (D:2)
  2 hobgoblins (D:1)
  2 quokkas
  2 ball pythons (D:1)
  3 frilled lizards
  2 kobolds
  4 rats (D:1)
26 creatures vanquished.

Notes
Turn   | Place    | Note
-------+----------+-------------------------------------------
     0 | D:1      | Lobster4 the Human Wanderer began the quest for the Orb.
     0 | D:1      | Lobster4 set off with the following items: a +0 club, a
                  | scroll of teleportation, a +0 robe, a wand of polymorph
                  | (5); and the following spells available to memorise: Shock,
                  | Slow, Stone Arrow, Summon Guardian Golem, Iskenderun's
                  | Mystic Blast.
     0 | D:1      | Reached XP level 1. HP: 13/13 MP: 2/2
     2 | D:1      | Learned a level 1 spell: Shock
   221 | D:1      | Reached XP level 2. HP: 13/19 MP: 0/3
   638 | D:1      | Reached skill level 1 in Air Magic
   638 | D:1      | Reached XP level 3. HP: 24/24 MP: 0/5
  1115 | D:2      | Found a sacrificial altar of Ru.
  1333 | D:2      | HP: 1/24 [poisoned by an adder]
  1333 | D:2      | Slain by an adder

Illustrated notes

Levels and vault maps discovered:
D:1:      scummos_arrival_forest, layout_rooms
D:2:      layout_basic, basic_altar

Skill      XL: |  1  2 |
---------------+-------+-----
Air Magic      | 1 |  1.1
Spellcasting   | |  1.6
Conjurations   | |  3.3
Hexes          | |  1.0
Evocations     | |  5.2

Action                   || total
-------------------------++-------
Melee: Club              ||    47
 Cast: Shock             ||    57
Armor: Robe              ||     9
Dodge: Dodged            ||    41

Table legend: (Time is in decaauts)
 A = Elapsed time spent in this place.
 B = Non-inter-level travel time spent in this place.
 C = Inter-level travel time spent in this place.
 D = Time resting spent in this place.
 E = Time spent auto-exploring this place.
 F = Levels seen in this place.
 G = Mean time per level.
                   A        B        C        D        E       F      G
               +--------+--------+--------+--------+--------+-----+--------+
         Total |   1346 |   1336 |     10 |    105 |    891 |   2 |  673.0 |
       Dungeon |   1346 |   1336 |     10 |    105 |    891 |   2 |  673.0 |
               +--------+--------+--------+--------+--------+-----+--------+

Top non-repeatable levels by time:
     D:1: 965 daAuts
     D:2: 381 daAuts
